 Dungeon Crawl Stone Soup version 0.30-a0-159-g068b764562 (webtiles) character file.

Game seed: 829958048072597056

14 blackman the Slasher (level 2, 24/24 HPs)
             Began as a Human Monk on Sept 27, 2022.
             Was a Believer of Makhleb.
             Quit the game on level 1 of the Dungeon.
             The game lasted 00:01:58 (1378 turns).

blackman the Slasher (Human Monk)                   Turns: 1378, Time: 00:01:59

Health: 24/24      AC:  8    Str: 11    XL:     2   Next: 55%
Magic:  2/2        EV: 20    Int: 10    God:    Makhleb [**....]
Gold:   44         SH:  0    Dex: 15    Spells: 1/1 levels left

rFire   . . .      SeeInvis .    m - +0 long sword
rCold   . . .      Faith    .    (no shield)
rNeg    . . .      Spirit   .    l - +0 chain mail
rPois   .          Reflect  .    (no helmet)
rElec   .          Harm     .    (no cloak)
rCorr   .          Rampage  .    (no gloves)
Will    .....                    (no boots)
Stlth   ..........               h - amulet of the acrobat
HPRegen 0.08/turn                (no ring)
MPRegen 0.08/turn                (no ring)

@: acrobatic
A: no striking features
a: Renounce Religion, Minor Destruction


You were on level 1 of the Dungeon.
You worshipped Makhleb.
Makhleb was pleased with you.
You visited 1 branch of the dungeon, and saw 1 of its levels.

You collected 44 gold pieces.

Inventory:

Hand Weapons
 a - a +0 falchion
 m - a +0 long sword (weapon)
Armour
 b - a +0 robe
 l - a +0 chain mail (worn)
Jewellery
 h - an amulet of the acrobat (around neck)
Scrolls
 g - a scroll of immolation {unknown}
 k - a scroll of fear {unknown}
 n - a scroll of amnesia {unknown}
Potions
 c - a potion of ambrosia
 d - a potion of curing {unknown}
 e - 2 potions of lignification {unknown}
 f - a potion of degeneration {unknown}
 i - a potion of haste {unknown}
 j - a potion of brilliance {unknown}


   Skills:
 - Level 3.0 Fighting
 * Level 3.7 Long Blades
 - Level 3.0 Dodging
 - Level 2.0 Stealth


You had one spell level left.
You didn't know any spells.
Your spell library was empty.

Dungeon Overview and Level Annotations

Branches:
Dungeon (1/15)

Altars:
Makhleb


Message History

Key pressed, stopping explore.
Key pressed, stopping explore.
Key pressed, stopping explore.
Key pressed, stopping explore.
Key pressed, stopping explore.
Key pressed, stopping explore.
Key pressed, stopping explore.
Key pressed, stopping explore.
Key pressed, stopping explore.
Key pressed, stopping explore.
Key pressed, stopping explore.
Key pressed, stopping explore.
Key pressed, stopping explore.
Key pressed, stopping explore.
Key pressed, stopping explore.
Key pressed, stopping explore.
Key pressed, stopping explore.
Key pressed, stopping explore.
Key pressed, stopping explore.
Key pressed, stopping explore.
Key pressed, stopping explore.
Key pressed, stopping explore.
Key pressed, stopping explore.
Key pressed, stopping explore.
Key pressed, stopping explore.
Key pressed, stopping explore.
Key pressed, stopping explore.
Key pressed, stopping explore.
Key pressed, stopping explore.
Key pressed, stopping explore.
Key pressed, stopping explore.
Key pressed, stopping explore.
Key pressed, stopping explore.
Key pressed, stopping explore.
Key pressed, stopping explore.
Found 3 stones.
Welcome back, blackman the Human Monk.
Blood and souls for Makhleb!
Press ? for a list of commands and other information.
Are you sure you want to abandon this character and quit the game? (Confirm with "yes".)

#.#
#####.#.######.........#
..# #.#......'.........#
### #.########.........#
#.# .########### #.# .#
#.# (# #.# .# #.######.#
#......@.# ##########


There were no monsters in sight!

Vanquished Creatures
  An endoplasm (D:1)
  A goblin (D:1)
  4 hobgoblins (D:1)
  4 ball pythons (D:1)
  2 bats (D:1)
  A frilled lizard (D:1)
  A rat (D:1)
14 creatures vanquished.

Vanquished Creatures (others)
  A fungus (D:1)
1 creature vanquished.

Grand Total: 15 creatures vanquished

Notes
Turn   | Place    | Note
-------+----------+-------------------------------------------
     0 | D:1      | blackman the Human Monk began the quest for the Orb.
     0 | D:1      | Reached XP level 1. HP: 18/18 MP: 1/1
   523 | D:1      | Reached XP level 2. HP: 12/24 MP: 2/2
  1244 | D:1      | Found a faded altar of an unknown god.
  1253 | D:1      | Prayed at the altar of an unknown god.
  1253 | D:1      | Became a worshipper of Makhleb the Destroyer
  1253 | D:1      | Reached * piety under Makhleb
  1253 | D:1      | Reached ** piety under Makhleb
  1378 | D:1      | Quit the game

Illustrated notes

Levels and vault maps discovered:
D:1:      dpeg_arrival_simpleton_c, layout_basic,
          shapermc_ecumenical_altar_petra

Action                   || total
-------------------------++-------
Melee: Falchion          ||    49
 Stab: Sleeping          ||     3
Armor: Robe              ||     9
       Chain mail        ||     4
Dodge: Dodged            ||    37

Table legend: (Time is in decaauts)
 A = Elapsed time spent in this place.
 B = Non-inter-level travel time spent in this place.
 C = Inter-level travel time spent in this place.
 D = Time resting spent in this place.
 E = Time spent auto-exploring this place.
 F = Levels seen in this place.
 G = Mean time per level.
                   A        B        C        D        E       F      G
               +--------+--------+--------+--------+--------+-----+--------+
         Total |   1383 |   1322 |     61 |    232 |    926 |   1 | 1383.0 |
       Dungeon |   1383 |   1322 |     61 |    232 |    926 |   1 | 1383.0 |
               +--------+--------+--------+--------+--------+-----+--------+

Top non-repeatable levels by time:
     D:1: 1383 daAuts
